 Dungeon Crawl Stone Soup version 0.23-a0-435-g79ed067 (webtiles) character file.

453 RoseArtemis the Grasshopper (level 7, -4/58 HPs)
             Began as a Ghoul Warper on Nov 15, 2018.
             Killed from afar by an orc wizard (6 damage)
             ... with a magic dart
             ... on level 3 of the Dungeon.
             The game lasted 00:09:08 (2800 turns).

RoseArtemis the Grasshopper (Ghoul Warper)          Turns: 2800, Time: 00:09:09

Health: -4/58      AC:  5    Str: 15    XL:     7   Next: 5%
Magic:  10/10      EV: 12    Int: 10    God:
Gold:   236        SH:  0    Dex:  8    Spells: 6/11 levels left

rFire    . . .     SeeInvis .     - Unarmed
rCold    + . .     Gourm    .   (no shield)
rNeg     + + +     Faith    .   a - +0 leather armour
rPois    ∞         Spirit   .   (no helmet)
rElec    .         Reflect  .   m - +1 cloak
rCorr    .         Harm     .   (no gloves)
MR       .....                  (no boots)
Stlth    +.........             (no amulet)
HPRegen  0.00/turn              (no ring)
MPRegen  0.12/turn              (no ring)

@: rotting
A: rotting body, claws 1, carnivore, cold resistance 1, negative energy
resistance 3, inhibited regeneration, torment resistance, unbreathing
a: no special abilities


You were on level 3 of the Dungeon.
You were not hungry.

You visited 1 branch of the dungeon, and saw 4 of its levels.

You collected 236 gold pieces.

Inventory:

Missiles
 d - 5 tomahawks of dispersal (quivered)
Armour
 a - a +0 leather armour (worn)
 m - a +1 cloak (worn)
Wands
 o - a wand of random effects (6)
Scrolls
 c - a scroll of blinking
 e - 2 scrolls of remove curse
 j - a scroll of enchant weapon
 k - a scroll of fog
Potions
 b - a potion of degeneration
 h - a potion of invisibility
 i - a potion of resistance
 l - a potion of mutation
 n - a potion of curing
Comestibles
 f - 10 rations


   Skills:
 + Level 3.9 Fighting
 - Level 0.9 Throwing
 - Level 0.9 Armour
 + Level 3.1 Dodging
 + Level 4.2 Unarmed Combat
 + Level 2.8 Spellcasting
 * Level 4.2 Translocations


You had 6 spell levels left.
You knew the following spells:

 Your Spells              Type           Power        Failure   Level  Hunger
a - Blink                 Tloc           N/A          9%          2    ###....
b - Teleport Other        Tloc           ##......     19%         3    ####...

Your spell library contained the following spells:

 Spells                   Type           Power        Failure   Level  Hunger
 Gell's Gravitas          Tloc           ##........   19%         3    ####...
 Lesser Beckoning         Tloc           ##........   19%         3    ####...
 Shroud of Golubria       Chrm/Tloc      #.........   22%         2    ###....
 Passage of Golubria      Tloc           N/A          52%         4    #####..


Dungeon Overview and Level Annotations

Branches:
Dungeon (4/15)
 Temple: D:4-7

Altars:
Sif Muna


Innate Abilities, Weirdness & Mutations

Your body is rotting away.
You thrive on raw meat.
You are immune to poison.
You have sharp fingernails.
You are carnivorous and can eat meat at any time.
Your flesh is cold resistant. (rC+)
You are immune to negative energy. (rN+++)
You do not regenerate when monsters are visible.
You are immune to unholy pain and torment.
You can survive without breathing.


Message History

The puff of frost hits you! You resist.
* * * LOW HITPOINT WARNING * * *
The orc throws a stone.
The stone closely misses you.
There is a stone staircase leading up here.
The orc throws a stone.
The stone closely misses you.
You climb upwards.
There is a stone staircase leading down here.
You scratch the orc wizard.
The orc wizard hits you with a +0 dagger.
* * * LOW HITPOINT WARNING * * *
You closely miss the orc wizard.
The orc wizard hits you but does no damage.
You barely miss the orc wizard. You scratch the orc wizard.
The orc wizard hits you with a +0 dagger.
* * * LOW HITPOINT WARNING * * *
You closely miss the orc wizard.
The orc wizard points at you and mumbles some strange words.
The magic dart hits you!
You die...

##.###.#######.# #.#
##.#.## #.# #.#
##..#### #.# ###
#.....# #.# ##.##.#
#.# #
#.##.#####.######## #
#.##..............# #
#.##..############# #
#.##.@############# #
#.##.o#...........#
#.##..#.#########.#
#.##..#.# #.#
#.##..#.# ###
##.##..#.###########
##...#..#........)..#
♣
#.#.....###########.#
♣
##......(...........#
#


You could see an orc wizard.

Vanquished Creatures
  Grinder (D:3)
  A howler monkey (D:4)
  Crazy Yiuf (D:3)
  A bullfrog skeleton (D:4)
  Jessica (D:2)
  An orc wizard (D:4)
  3 adders
  An ooze (D:3)
  3 worms
  3 dart slugs
  A leopard gecko (D:3)
  3 orcs (D:4)
  3 giant cockroaches
  8 goblins
  6 hobgoblins
  8 kobolds
  A quokka (D:3)
  A ball python (D:1)
  7 bats
  3 frilled lizards
  10 rats
67 creatures vanquished.

Notes
Turn   | Place    | Note
-------+----------+-------------------------------------------
     0 | D:1      | RoseArtemis the Ghoul Warper began the quest for the Orb.
     0 | D:1      | Reached XP level 1. HP: 17/17 MP: 2/2
    36 | D:1      | Reached XP level 2. HP: 12/24 MP: 3/3
   346 | D:1      | Reached XP level 3. HP: 30/30 MP: 5/5
   350 | D:1      | Learned a level 2 spell: Blink
   777 | D:2      | Found a deep blue altar of Sif Muna.
  1268 | D:2      | Noticed Jessica
  1273 | D:2      | Killed Jessica
  1273 | D:2      | Reached XP level 4. HP: 27/37 MP: 6/6
  1675 | D:3      | Learned a level 3 spell: Teleport Other
  2067 | D:3      | Reached XP level 5. HP: 39/45 MP: 7/7
  2072 | D:3      | Noticed Grinder
  2080 | D:3      | Paralysed by Grinder for 2 turns
  2087 | D:3      | Killed Grinder
  2087 | D:3      | Reached XP level 6. HP: 30/51 MP: 7/9
  2299 | D:3      | Found a runed door.
  2623 | D:3      | Noticed Crazy Yiuf
  2633 | D:3      | Killed Crazy Yiuf
  2752 | D:4      | Reached XP level 7. HP: 35/58 MP: 10/10
  2799 | D:3      | HP: 2/58 [orc wizard/+0 dagger (2)]
  2800 | D:3      | Killed from afar by an orc wizard

Vault maps used:
D:1:      dpeg_arrival_windows_large_door
D:2:      wad_lake_hut, lemuel_doored_altar, uniq_jessica
D:3:      first_ration, uniq_crazy_yiuf_cottage, uniq_grinder
D:4:      gammafunk_temple_overflow_statue, dk_noncrumbling_4,
          okawaru_gym_becter

Skill      XL: |  1  2  3  4  5  6 |
---------------+-------------------+-----
Dodging        | 2 3 |  3.1
Spellcasting   | 2 |  2.8
Unarmed Combat | 3 4 |  4.2
Translocations | 3 4 |  4.2
Fighting       | 3 |  3.9
Throwing       | |  0.9
Armour         | |  0.9

Action                   |  1- 3 |  4- 6 |  7- 9 || total
-------------------------+-------+-------+-------++-------
Melee: Unarmed           |   132 |   126 |    20 ||   278
       Punch             |       |     3 |       ||     3
  Use: Scroll            |       |     7 |       ||     7
  Eat: Chunk             |    10 |    18 |     1 ||    29
Armor: Leather armour    |    50 |    29 |     3 ||    82
Dodge: Dodged            |    80 |    65 |     8 ||   153

Table legend:
 A = Non-vault XP
 B = Vault XP
 C = Vault XP percentage of total XP
 D = Non-vault monster count
 E = Vault monster count
 F = Vault count percentage of total count
                 A         B        C        D         E       F
            +---------+---------+-------+---------+---------+-------
      Total |     284 |     364 |  56.2 |      64 |       3 |   4.5
            +---------+---------+-------+---------+---------+-------
        D:1 |      43 |       0 |   0.0 |      26 |       0 |   0.0
        D:2 |      32 |      37 |  53.6 |      17 |       1 |   5.6
        D:3 |      57 |     327 |  85.2 |      14 |       2 |  12.5
        D:4 |     152 |       0 |   0.0 |       7 |       0 |   0.0
            +---------+---------+-------+---------+---------+-------
